Map: Nightshade LE

Players

HeroMarine

  • Race: Terran Terran
  • Spawn Location: 5:00

liquidthermy (uThermal) - Winner!

  • Race: Terran Terran
  • Spawn Location: 11:00

VOD

Have the link to the VOD?

Description

Time

  • Played on: Jan. 14, 2020, 1:28 p.m.
  • Length: 9:11
Show
View Real Time Build Order
Export as new Build Order

HeroMarine Terran 

Build Orders: Gas First Reaper Expand 

Get SALT Encoding   

  12  0:00  SCV  
  13  0:13  SCV  
  14  0:18  Supply Depot  
  14  0:25  SCV  
  15  0:29  Refinery  
  15  0:39  SCV  
  16  0:43  Barracks  
  16  0:51  SCV  
  17  1:03  SCV  
  18  1:15  SCV  
  19  1:30  Reaper, Orbital Command  
  20  1:46  Command Center  
  20  1:56  Factory  
  20  1:59  SCV  
  21  2:06  Barracks Reactor  
  21  2:11  SCV  
  21  2:12  Supply Depot  
  22  2:18  Refinery  
  22  2:23  SCV  
  23  2:35  SCV  
  24  2:40  Hellion  
  24  2:42  Marine x2  
  28  2:46  Starport  
  28  2:47  SCV  
  27  2:59  Orbital Command  
  27  3:01  SCV  
  27  3:05  Factory Tech Lab  
  28  3:10  Marine x2  
  30  3:14  SCV  
  31  3:23  Orbital Command  
  32  3:27  SCV  
  32  3:30  Cyclone  
  32  3:32  Marine  
  32  3:33  Marine  
  32  3:34  Starport Tech Lab  
  37  3:39  SCV  
  38  3:45  Supply Depot  
  38  3:50  Marine x2  
  38  3:51  SCV  
  38  3:52  SCV  
  38  3:55  Raven  
  44  4:03  SCV  
  44  4:04  SCV  
  44  4:08  Marine x2  
  48  4:11  Orbital Command  
  48  4:15  SCV  
  47  4:27  SCV  
  50  4:35  Command Center  
  50  4:38  Siege Tank  
  51  4:39  SCV  
  51  4:43  SCV  
  53  4:51  SCV  
  54  4:52  Barracks  
  54  4:54  Stimpack  
  54  4:59  Supply Depot  
  54  5:02  Barracks  
  54  5:10  Supply Depot  
  54  5:14  SCV x2  
  54  5:15  Marine  
  54  5:19  Starport Reactor  
  54  5:20  Siege Tank  
  59  5:27  SCV x2  
  61  5:32  Engineering Bay  
  61  5:33  Engineering Bay  
  61  5:35  Refinery  
  61  5:38  Refinery  
  61  5:39  SCV x2  
  63  5:43  Marine  
  63  5:47  Orbital Command  
  63  5:49  Marine x2  
  66  5:51  SCV x2  
  71  5:59  Terran Infantry Weapons Level 1  
  71  6:00  Terran Infantry Armor Level 1  
  71  6:03  SCV x2  
  70  6:08  Siege Tank  
  70  6:09  Starport Reactor  
  73  6:13  SCV, Marine x2  
  73  6:15  Marine, SCV x2  
  73  6:16  Marine  
  73  6:17  Marine  
  81  6:20  Supply Depot  
  81  6:27  SCV x2  
  81  6:31  Supply Depot  
  83  6:34  Marine  
  83  6:35  Marine x4  
  83  6:39  SCV x2  
  90  6:40  Siege Tank  
  90  6:42  Orbital Command  
  90  6:44  Supply Depot  
  93  6:50  Medivac  
  93  6:51  SCV x2  
  93  6:52  Marine  
  91  6:57  Marine  
  91  6:58  Marine x2  
  88  7:03  SCV x2  
  84  7:10  Marine, Medivac  
  84  7:14  Marine  
  87  7:16  Marine x2  
  92  7:25  SCV x2  
  92  7:26  SCV  
  92  7:28  Marine  
  93  7:32  Marine x2  
  93  7:34  Marine x2  
  93  7:35  Factory Tech Lab  
  93  7:37  SCV x2  
  98  7:38  SCV  
  100  7:45  Medivac x2  
  100  7:46  Marine  
  100  7:49  SCV, Marine  
  100  7:50  Marine  
  108  7:51  SCV  
  108  7:52  SCV  
  108  7:54  Marine x2  
  112  8:01  SCV, Siege Tank  
  112  8:03  SCV  
  112  8:05  SCV  
  117  8:06  Marine  
  117  8:13  Marine  
  117  8:17  Supply Depot x2  
  117  8:20  Marine x3, SCV x3  
  117  8:24  Marine  
  122  8:32  SCV x3  
  124  8:38  Marine  
  124  8:39  Marine x2  
  126  8:42  Marine  
  126  8:44  SCV x3  
  126  8:46  Factory Tech Lab  
  129  8:50  Marine  
  132  8:59  Armory  
Show
View Real Time Build Order
Export as new Build Order

liquidthermy Terran - Winner!

Build Orders:  

Get SALT Encoding   

  12  0:01  SCV  
  13  0:13  SCV  
  14  0:18  Supply Depot  
  14  0:25  SCV  
  15  0:40  SCV  
  15  0:41  Barracks  
  16  0:43  Refinery  
  16  0:52  SCV  
  17  0:59  Barracks  
  18  1:04  SCV  
  18  1:16  SCV  
  19  1:28  Reaper  
  19  1:29  Orbital Command  
  19  1:32  Supply Depot  
  20  1:46  Reaper  
  21  1:54  SCV  
  22  2:02  Reaper  
  22  2:06  SCV  
  24  2:13  Command Center  
  24  2:18  SCV  
  24  2:21  Marine  
  26  2:31  SCV, Refinery  
  27  2:41  Factory  
  27  2:43  SCV  
  28  2:55  SCV  
  29  3:00  Supply Depot  
  29  3:02  Barracks Reactor  
  29  3:04  Barracks Tech Lab  
  29  3:07  SCV, Bunker  
  30  3:19  SCV, Bunker  
  31  3:24  Marine  
  31  3:26  Factory Tech Lab  
  32  3:27  Orbital Command  
  32  3:31  SCV  
  33  3:37  Marine x2  
  35  3:43  Marine, SCV  
  35  3:44  Cyclone  
  40  3:51  Starport  
  40  3:53  SCV  
  41  3:55  SCV  
  41  3:57  Marine  
  41  3:59  Marine  
  41  4:01  Marine  
  45  4:05  Stimpack  
  45  4:07  SCV  
  45  4:12  SCV  
  45  4:14  Marine  
  46  4:17  Marine  
  46  4:19  Marine, SCV  
  49  4:24  SCV  
  48  4:31  SCV  
  48  4:34  Command Center  
  48  4:37  Supply Depot  
  49  4:40  Raven  
  49  4:41  SCV  
  49  4:43  SCV  
  53  4:46  Refinery  
  53  4:48  Marine, Refinery  
  53  4:52  Factory Reactor  
  54  4:57  Supply Depot  
  54  4:58  Marine x2  
  54  4:59  SCV x2  
  58  5:06  Marine  
  59  5:11  SCV x2  
  61  5:16  Marine  
  62  5:22  Engineering Bay  
  62  5:23  SCV x2, Engineering Bay  
  62  5:24  Marine  
  65  5:33  Marine  
  65  5:34  Medivac x2  
  70  5:38  Supply Depot  
  70  5:43  Barracks  
  70  5:45  Marine  
  70  5:46  SCV x2  
  70  5:49  Orbital Command  
  73  5:54  Siege Tank  
  73  5:55  Marine  
  73  5:56  Marine  
  78  6:00  Combat Shield  
  78  6:03  SCV x2  
  80  6:07  Terran Infantry Armor Level 1  
  80  6:13  Terran Infantry Weapons Level 1  
  80  6:14  Marine x2  
  80  6:15  SCV  
  83  6:23  Barracks  
  83  6:25  Barracks  
  83  6:26  Marine, SCV, Orbital Command  
  83  6:27  Supply Depot  
  83  6:31  Siege Tank  
  88  6:35  SCV  
  88  6:37  Marine x2  
  88  6:38  SCV  
  88  6:39  Barracks Reactor  
  92  6:43  Marine, Supply Depot  
  93  6:48  Medivac x2  
  93  6:49  SCV  
  93  6:50  SCV  
  99  6:55  Marine x2  
  96  7:01  Marine  
  96  7:03  Siege Tank  
  96  7:04  SCV  
  92  7:11  SCV x2  
  92  7:13  Marine, Barracks Reactor  
  92  7:14  Barracks Reactor  
  94  7:16  SCV, Marine  
  94  7:18  Medivac x2  
  94  7:21  Armory  
  98  7:23  SCV, Marine x2, Supply Depot  
  98  7:24  SCV  
  98  7:25  Supply Depot  
  98  7:26  Marine  
  103  7:32  Missile Turret x2  
  103  7:33  Marine  
  103  7:34  Marine  
  103  7:35  Sensor Tower  
  105  7:43  Supply Depot, Siege Tank  
  108  7:47  Marine, SCV  
  108  7:48  Marine x2  
  108  7:51  Marine x2  
  114  7:52  Supply Depot  
  114  7:54  Marine  
  114  7:56  Marine  
  114  7:58  Marine  
  119  7:59  Marine  
  119  8:04  SCV  
  119  8:05  Supply Depot  
  121  8:07  Marine x2  
  121  8:08  Marine  
  126  8:13  Marine x2  
  126  8:17  Marine, SCV  
  126  8:18  Marine  
  127  8:20  Marine x2  
  127  8:25  Marine x3  
  132  8:31  Marine x2  
  132  8:34  SCV, Supply Depot  
  135  8:35  Marine  
  135  8:36  Marine  
  135  8:38  Marine x2, Medivac  
  141  8:41  Supply Depot  
  141  8:46  Supply Depot  
  141  8:47  Marine  
  142  8:49  Marine x2, Missile Turret  
  144  8:58  Supply Depot  
Tags
 
Add a new tag
Caveats
  • Supply blocks, unpowered buildings, or Contaminate may cause inaccurate times.
  • Supply counts are checked every 10 seconds.